 Dungeon Crawl Stone Soup version 0.28.0-47-ge53b351184 (webtiles) character file.

Game seed: 4577891955085903410

92 Exodus22XD the Poker (level 4, -1/34 HPs)
             Began as a Demonspawn Gladiator on May 8, 2022.
             Slain by a water moccasin (2 damage)
             ... on level 3 of the Dungeon.
             The game lasted 00:02:28 (2307 turns).

Exodus22XD the Poker (Demonspawn Gladiator)         Turns: 2307, Time: 00:02:28

Health: -1/34      AC:  4    Str: 17    XL:     4   Next: 35%
Magic:  4/4        EV: 13    Int:  9    God:
Gold:   185        SH:  0    Dex: 16    Spells: 3/3 levels left

rFire   . . .      SeeInvis .   a - +0 trident
rCold   . . .      Faith    .   (no shield)
rNeg    . . .      Spirit   .   b - +0 leather armour
rPois   .          Reflect  .   c - +0 helmet
rElec   .          Harm     .   (no cloak)
rCorr   .          Rampage  .   (no gloves)
Will    .....                   (no boots)
Stlth   ++........              (no amulet)
HPRegen 0.11/turn               (no ring)
MPRegen 0.09/turn               (no ring)

@: lethally poisoned (-1 -> -20), flying
A: thin skeletal structure 1, powered by pain 1
a: no special abilities


You were on level 3 of the Dungeon.
You visited 1 branch of the dungeon, and saw 3 of its levels.

You collected 185 gold pieces.

Inventory:

Hand Weapons
 a - a +0 trident (weapon)
Missiles
 d - 3 throwing nets (quivered)
Armour
 b - a +0 leather armour (worn)
 c - a +0 helmet (worn)
Scrolls
 e - 4 scrolls of identify {unknown}
 f - a scroll of fear {unknown}
 g - 3 scrolls of enchant weapon {unknown}
Potions
 h - a potion of flight


   Skills:
 + Level 2.3 Fighting
 + Level 3.6 Polearms
 - Level 1.7 Throwing
 * Level 1.9 Armour
 + Level 3.1 Dodging


You had 3 spell levels left.
You didn't know any spells.
Your spell library was empty.

Dungeon Overview and Level Annotations

Branches:
Dungeon (3/15)

Altars:
Qazlal
The Shining One


Innate Abilities, Weirdness & Mutations

You have a somewhat thin skeletal structure. (Dex +2, Stealth+)
You sometimes gain a little power by taking damage.


Message History

You closely miss the water moccasin.
The water moccasin is heavily wounded.
You feel sick. The water moccasin bites you.
The water moccasin completely misses you.
You closely miss the water moccasin.
The water moccasin is heavily wounded.
You feel sick.
The water moccasin bites you but does no damage.
You barely miss the water moccasin.
The water moccasin is heavily wounded.
You feel sick. The water moccasin bites you.
You are more poisoned.
The water moccasin poisons you! The water moccasin bites you.
You are lethally poisoned!
The water moccasin poisons you!
It was a potion of flight.
You feel very buoyant.
You fly up into the air.
* * * LOW HITPOINT WARNING * * *
You feel very sick. The water moccasin bites you.
* * * LOW HITPOINT WARNING * * *
You are more poisoned.
The water moccasin poisons you!
It was a potion of curing.
You feel better. The water moccasin bites you.
You are poisoned.
The water moccasin poisons you! The water moccasin bites you.
You are lethally poisoned!
The water moccasin poisons you!
You hit the water moccasin.
The water moccasin is severely wounded.
* * * LOW HITPOINT WARNING * * *
You feel extremely sick.
The water moccasin completely misses you.
You closely miss the water moccasin.
The water moccasin is severely wounded.
* * * LOW HITPOINT WARNING * * *
You feel very sick. The water moccasin bites you.
You die...

##.#.# #..# #.#..##
.#.#.# #..# #......
.#.#.####.## ###..#.
.)........... ###..#(
............. ######
##....#.
#...#####.#..######....>
....##. ..#.# #.#...
......># ##.## #. ....#
#.....###.....#####.####.
###.#
#..@S............).. #.##
#.##.....#####.#####
###..## #.###...######.#
......## #.# ##...<.....#
##.....#### #.#
########### ...........
#.# ##.....### #.#
##...## #.# ####.## #.#


You could see a water moccasin.

Vanquished Creatures
  2 adders
  A worm (D:2)
  2 dart slugs
  2 orcs
  2 ball pythons (D:2)
  5 bats
  10 endoplasms
  2 giant cockroaches (D:3)
  10 goblins
  4 hobgoblins
  3 jackals (D:3)
  2 quokkas
  5 frilled lizards
  5 kobolds
  4 rats
59 creatures vanquished.

Notes
Turn   | Place    | Note
-------+----------+-------------------------------------------
     0 | D:1      | Exodus22XD the Demonspawn Gladiator began the quest for the
                  | Orb.
     0 | D:1      | Reached XP level 1. HP: 16/16 MP: 1/1
    28 | D:1      | Found a faded altar of an unknown god.
   375 | D:1      | Gained mutation: You sometimes gain a little power by
                  | taking damage. [demonic ancestry]
   375 | D:1      | Reached XP level 2. HP: 19/22 MP: 2/2
   883 | D:1      | You fall into a shaft and drop 1 floor!
  1150 | D:2      | Reached skill level 1 in Armour
  1192 | D:2      | Gained mutation: You have a somewhat thin skeletal
                  | structure. (Dex +2, Stealth+) [demonic ancestry]
  1192 | D:2      | Reached XP level 3. HP: 27/27 MP: 3/3
  1849 | D:3      | Noticed a water moccasin
  1947 | D:3      | Reached XP level 4. HP: 34/34 MP: 4/4
  2152 | D:3      | Found a stormy altar of Qazlal.
  2307 | D:3      | HP: 1/34 [poisoned by a water moccasin]
  2307 | D:3      | Slain by a water moccasin

Illustrated notes

Levels and vault maps discovered:
D:1:      lemuel_arrival_cross, layout_basic,
          shapermc_ecumenical_altar_mp_highgroup
D:2:      layout_basic, basic_altar, minmay_hexomino_f4
D:3:      layout_loops_ring, mainiacjoe_overflow_alcove_1, minmay_joined_circles

Skill      XL: |  1  2 |
---------------+-------+-----
Polearms       | 3 |  3.6
Dodging        | 3 |  3.1
Armour         | 1 |  1.9
Fighting       | |  2.3
Throwing       | |  1.7

Action                   |  1- 3 |  4- 6 || total
-------------------------+-------+-------++-------
Melee: Trident           |   136 |    64 ||   200
  Use: Potion            |       |     2 ||     2
 Stab: Sleeping          |     6 |     1 ||     7
Armor: Leather armour    |    42 |    12 ||    54
Dodge: Dodged            |    69 |    35 ||   104
